 Dungeon Crawl Stone Soup version 0.21-a0-396-ga924934 (webtiles) character file.

251 Mitsuki the Transmogrifier (level 6, -1/43 HPs)
             Began as a Merfolk Transmuter on Oct 19, 2017.
             Succumbed to a scorpion's poison
             ... on level 3 of the Dungeon.
             The game lasted 00:13:20 (4591 turns).

Mitsuki the Transmogrifier (Merfolk Transmuter)     Turns: 4591, Time: 00:13:21

Health: -1/43      AC:  3    Str: 13    XL:     6   Next: 13%
Magic:  9/9        EV: 13    Int: 14    God:
Gold:   155        SH:  0    Dex: 15    Spells: 0/9 levels left

rFire    . . .     SeeInvis .   s - -3 quarterstaff (curse)
rCold    . . .     Gourm    .   (shield currently unavailable)
rNeg     . . .     Faith    .   b - +0 robe
rPois    .         Spirit   .   (no helmet)
rElec    .         Reflect  .   (no cloak)
rCorr    .         Harm     .   t - +0 pair of gloves {Str+3}
MR       .....                  (no boots)
Stlth    +.........             (no amulet)
HPRegen  0.14/turn              (no ring)
MPRegen  0.11/turn              (no ring)

@: lethally poisoned (-1 -> -14), appendage
A: change form in water, swift swim, stealthy swim, horns 2
a: End Transformation


You were on level 3 of the Dungeon.
You were hungry.
You had grown temporary horns.
You visited 1 branch of the dungeon, and saw 4 of its levels.

You collected 155 gold pieces.

Inventory:

Hand Weapons
 s - a cursed -3 quarterstaff (weapon)
 w - a +0 trident
Missiles
 a - 12 arrows
 o - a throwing net (quivered)
Armour
 b - a +0 robe (worn)
 t - a +0 pair of gloves of strength (worn)
 x - a +0 helmet
Wands
 p - a wand of digging (13/24)
 q - a wand of confusion (8/48)
 v - a wand of paralysis (6/24)
 y - a wand of iceblast (9/15)
Scrolls
 e - 4 scrolls of identify
 m - 2 scrolls of teleportation
 r - a scroll of immolation
Potions
 f - a potion of heal wounds {unknown}
 g - 2 potions of curing
 h - a potion of degeneration {unknown}
 k - 3 potions of flight
 u - a potion of haste {unknown}
Books
 c - a book of Changes

   Spells                             Type                      Level
   a - Beastly Appendage              Transmutation                1
   b - Sticks to Snakes               Transmutation                2
   c - Spider Form                    Transmutation/Poison         3
   d - Ice Form                       Ice/Transmutation            4
   e - Blade Hands                    Transmutation                5
Comestibles
 d - 3 bread rations
 i - a royal jelly
 j - 5 meat rations
 l - a fruit


   Skills:
 - Level 1.1 Fighting
 - Level 2.6 Dodging
 - Level 3.2 Unarmed Combat
 - Level 2.0 Spellcasting
 + Level 8.2 Transmutations


You couldn't memorise any spells.
You knew the following spells:

 Your Spells              Type           Power        Failure   Level  Hunger
a - Beastly Appendage     Tmut           ###...       1%          1    ##.....
b - Spider Form           Tmut/Pois      ##........   13%         3    ####...
c - Blade Hands           Tmut           ###.......   22%         5    ######.


Dungeon Overview and Level Annotations

Branches:
Dungeon (4/15)
 Temple: D:4-7

Altars:
Dithmenos
Elyvilon
Hepliaklqana
Nemelex Xobeh
Okawaru
Xom
Yredelemnul

Annotations:
D:3 1 runed door


Innate Abilities, Weirdness & Mutations

You revert to your normal form in water.
You are very nimble and swift while swimming.
You are very stealthy in the water. (Stealth+)
You have a pair of horns on your head.


Message History

The scorpion is moderately wounded.
* * * LOW HITPOINT WARNING * * *
You feel sick. The scorpion closely misses you.
You take 1 damage, and have 12/43 hp.
You closely miss the scorpion. You headbutt the scorpion!
The scorpion is almost dead.
* * * LOW HITPOINT WARNING * * *
You feel sick. The scorpion stings you!
* * * LOW HITPOINT WARNING * * *
The scorpion misses you.
You take 10 damage, and have 2/43 hp.
MASSIVE DAMAGE!!
MP restored: 9 You hit the scorpion but do no damage.
The scorpion is almost dead.
* * * LOW HITPOINT WARNING * * *
You feel sick. The scorpion misses you.
You take 1 damage, and have 1/43 hp.
You closely miss the scorpion. Your headbutt misses the scorpion.
The scorpion is almost dead.
You die...

#################################
................@...........>....
############....s........#.######
#######...#.......<...######
#........##.######.#.###....
#.#########.# #.#.# #..## #.# #.#
#.#.###..## ######.###### #.#
#.#........ .(..()).....####.###
#.......### (#####.####.##.)...#
#.......#p#


You could see a scorpion.

Vanquished Creatures
  A phantom (D:3)
  Ijyb (D:3)
  Robin (D:3)
  An adder (D:3)
  2 worms
  2 dart slugs (D:1)
  A leopard gecko (D:1)
  4 orcs (D:3)
  4 giant cockroaches
  22 hobgoblins
  2 jackals (D:2)
  14 kobolds
  2 quokkas (D:3)
  7 bats
  4 frilled lizards (D:2)
  16 goblins
  A jackal zombie (D:3)
  A kobold skeleton (D:3)
  4 rats
90 creatures vanquished.

Notes
Turn   | Place    | Note
-------+----------+-------------------------------------------
     0 | D:1      | Mitsuki the Merfolk Transmuter began the quest for the Orb.
     0 | D:1      | Reached XP level 1. HP: 15/15 MP: 3/3
   120 | D:1      | Reached skill level 3 in Transmutations
   301 | D:1      | Reached XP level 2. HP: 21/21 MP: 5/5
   388 | D:1      | Reached skill level 4 in Transmutations
   876 | D:1      | Reached XP level 3. HP: 21/26 MP: 4/6
   881 | D:1      | Learned a level 3 spell: Spider Form
  1371 | D:2      | Reached skill level 5 in Transmutations
  1780 | D:2      | Found a sparkling altar of Nemelex Xobeh.
  1786 | D:2      | Found an iron altar of Okawaru.
  2092 | D:2      | Reached XP level 4. HP: 19/32 MP: 1/7
  2329 | D:2      | Found a white marble altar of Elyvilon.
  2759 | D:3      | Reached skill level 6 in Transmutations
  2872 | D:3      | Found a shimmering altar of Xom.
  2879 | D:3      | Found a shimmering altar of Xom.
  2879 | D:3      | Found a shimmering altar of Xom.
  3074 | D:3      | Noticed a phantom
  3099 | D:3      | Killed a phantom
  3099 | D:3      | Reached skill level 7 in Transmutations
  3099 | D:3      | Reached XP level 5. HP: 22/37 MP: 8/8
  3248 | D:3      | Found a shadowy altar of Dithmenos.
  3352 | D:3      | Found a hazy altar of Hepliaklqana.
  3509 | D:3      | Noticed Robin
  3750 | D:3      | Killed Robin
  3779 | D:3      | Reached skill level 8 in Transmutations
  3854 | D:3      | Noticed Ijyb
  3937 | D:3      | Killed Ijyb
  3937 | D:3      | Reached XP level 6. HP: 21/43 MP: 9/9
  4145 | D:3      | Found a runed door.
  4145 | D:3      | Noticed a human
  4146 | D:3      | Found a basalt altar of Yredelemnul.
  4522 | D:3      | Learned a level 5 spell: Blade Hands
  4589 | D:3      | HP: 2/43 [scorpion (8)]
  4591 | D:3      | Succumbed to a scorpion's poison

Vault maps used:
D:1:      lemuel_arrival_tunnels, hangedman_abyss_or_decor_stabs
D:2:      old_standard_altar, minitemple, minivault_19
D:3:      xom_redecorated, grunt_dithmenos_smoke, lemuel_round_altar,
          minivault_14, dk_yredelemnul_ordeal, uniq_robin, uniq_ijyb
D:4:      kennysheep_little_box, portal_sewer_entry_e, first_bread

Skill      XL: |  1  2  3  4  5 |
---------------+----------------+-----
Transmutations | 3 4 5 7 8 |  8.2
Fighting       | |  1.1
Dodging        | |  2.6
Unarmed Combat | |  3.2
Spellcasting   | |  2.0

Action                   |  1- 3 |  4- 6 || total
-------------------------+-------+-------++-------
Melee: Spear             |   144 |    44 ||   188
       Headbutt          |     9 |    29 ||    38
       Punch             |     4 |     3 ||     7
       Trident           |       |   140 ||   140
       Tailslap          |       |     2 ||     2
       Quarterstaff      |       |    32 ||    32
 Cast: Beastly Appendage |    22 |    19 ||    41
       Spider Form       |     1 |       ||     1
  Use: Scroll            |       |     6 ||     6
 Stab: Sleeping          |     2 |     2 ||     4
  Eat: Chunk             |     4 |     9 ||    13
Armor: Robe              |    18 |    44 ||    62
Dodge: Dodged            |    61 |   149 ||   210

Table legend:
 A = Spawn XP
 B = Non-spawn XP
 C = Spawn XP percentage of total XP
 D = Spawn monster count
 E = Non-spawn monster count
 F = Spawn count percentage of total count
 G = Total turns spent on level
                    A         B        C        D         E        F      G
               +---------+---------+-------+---------+---------+-------+---------
         Total |       0 |     359 |   0.0 |       0 |      90 |   0.0 |  4591
               +---------+---------+-------+---------+---------+-------+---------
           D:1 |       0 |      47 |   0.0 |       0 |      25 |   0.0 |  1600
           D:2 |       0 |      46 |   0.0 |       0 |      25 |   0.0 |  1006
           D:3 |       0 |     266 |   0.0 |       0 |      40 |   0.0 |  1981
               +---------+---------+-------+---------+---------+-------+---------
